Get step-by-step instructions on how to execute this build order below. Start the game timer, and the build order will tick by so you can play in parallel with StarCraft on a second screen or mobile device.

Game Time

  0:00

Last Step

  N/A

Next Step

Upcoming Step



Don't want to look back and forth between 2 screens? Try out our Overwolf App, the Spawning Tool Build Advisor to get an in-game overlay with this build!

Complete Build Order

  12  0:00  Probe  
  13  0:12  Pylon  
  13  0:17  Probe  
  14  0:30  Gateway  
  14  0:33  Probe (Chrono Boost)  
  15  0:42  Assimilator, Probe (Chrono Boost)  
  16  0:47  Probe (Chrono Boost)  
  17  0:50  Assimilator  
  17  0:59  Probe  
  19  1:11  Probe  
  19  1:18  Cybernetics Core  
  19  1:19  Zealot  
  19  1:23  Probe  
  22  1:28  Pylon  
  22  1:35  Probe  
  23  1:47  Probe  
  23  1:53  Adept (Chrono Boost)  
  24  1:54  Stargate  
  24  1:58  Warp Gate  
  26  2:03  Probe  
  27  2:15  Pylon  
  27  2:16  Adept  
  28  2:32  Probe  
  28  2:35  Oracle (Chrono Boost)  
  32  2:50  Probe  
  33  3:04  Oracle (Chrono Boost)  
  36  3:11  Nexus  
  36  3:14  Probe  
  35  3:26  Probe  
  35  3:36  Oracle  
  35  3:38  Probe  
  39  3:41  Pylon  
  38  3:50  Probe  
  38  3:59  Twilight Council  
  38  4:02  Probe  
  39  4:06  Shield Battery  
  39  4:18  Pylon  
  41  4:26  Gateway  
  40  4:33  Oracle (Chrono Boost)  
  41  4:55  Nexus  
  39  5:00  Stalker  
  40  5:10  Void Ray  
  44  5:15  Pylon  
  41  5:33  Probe  
  40  5:37  Stalker x2  
  39  5:45  Probe  
  39  5:53  Pylon  
  39  6:02  Blink (Chrono Boost)  
  39  6:06  Probe  
  39  6:07  Stalker x2  
  43  6:12  Probe  
  44  6:18  Probe  
  44  6:24  Probe  
  46  6:30  Probe  
  47  6:36  Probe  
  48  6:43  Probe  
  49  6:47  Pylon  
  49  6:52  Nexus  
  49  6:53  Probe  
  50  6:56  Probe  
  47  7:04  Nexus  
  47  7:05  Probe  
  47  7:10  Stalker  
  44  7:20  Stalker  
  44  7:21  Probe  
  46  7:25  Probe  
  47  7:33  Probe  
  48  7:37  Probe  
  47  7:45  Probe  
  47  7:49  Probe  
  47  7:51  Stalker  
  51  7:56  Stalker  
  51  7:57  Probe  
  52  8:05  Probe  
  52  8:09  Probe  
  54  8:14  Pylon  
  54  8:15  Stalker  
  54  8:18  Probe  
  57  8:21  Probe  
  57  8:24  Stalker  
  57  8:26  Probe  
  57  8:30  Probe  
  57  8:33  Probe  
  59  8:38  Probe  
  60  8:42  Probe  
  60  8:43  Charge (Chrono Boost)  
  60  8:44  Stalker  
  60  8:46  Probe  
  64  8:49  Gateway  
  64  8:50  Gateway  
  64  8:52  Stalker  
  64  8:53  Probe  
  67  9:01  Probe x2  
  69  9:05  Probe  
  69  9:09  Gateway x2  
  70  9:13  Probe x2  
  70  9:14  Pylon  
  72  9:19  Probe  
  73  9:26  Stalker x2  
  73  9:30  Gateway  
  77  9:31  Gateway  
  77  9:34  Probe x2  
  77  9:36  Forge  
  79  9:38  Shield Battery  
  79  9:44  Probe  
  80  9:45  Zealot x2, Pylon  
  80  9:46  Probe  
  80  9:47  Pylon  
  80  9:51  Sentry  
  80  9:52  Zealot  
  89  10:04  Protoss Ground Armor Level 1 (Chrono Boost)  
  89  10:09  Zealot x4  
  89  10:10  Pylon  
  89  10:13  Pylon  
  97  10:18  Zealot x2  
  98  10:28  Zealot x2  
  98  10:31  Zealot x4  
  108  10:36  Pylon  
  105  10:45  Zealot x2  
  105  10:49  Robotics Facility  
  109  10:54  Zealot x6  
  97  11:15  Zealot x8  
  113  11:19  Unknown  
  113  11:37  Nexus  
  113  11:45  Robotics Bay  
  113  11:46  Robotics Facility  
  113  11:47  Zealot x8  
  127  12:09  Sentry x2  
  127  12:10  Sentry  
  127  12:14  Pylon x3  
  127  12:15  Pylon  
  133  12:20  Shield Battery  
  133  12:21  Shield Battery  
  133  12:22  Assimilator  
  133  12:23  Assimilator  
  133  12:24  Pylon  
  131  12:31  Zealot x2  
  131  12:35  Stalker x6  
  131  12:37  Probe  
  107  12:57  Stalker x2  
  81  13:01  Observer (Chrono Boost)  
  81  13:03  Probe  
  81  13:04  Probe x2  
  85  13:11  Stalker  
  85  13:12  Stalker x5  
  91  13:16  Probe  
  91  13:19  Observer (Chrono Boost)  
  93  13:20  Probe x2  
  95  13:37  Zealot x2  
  95  13:38  Zealot x5  
  108  13:44  Observer  
  108  13:48  Probe x3  
  111  13:54  Pylon  
  112  14:00  Sentry x2  
  112  14:01  Stalker x2  
  109  14:15  Observer (Chrono Boost)  
  105  14:17  Sentry x4  
  99  14:34  Observer (Chrono Boost)  
  99  14:36  Zealot x2  
  99  14:37  Zealot x2  
  108  14:38  Nexus  
  102  14:55  Sentry  
  102  14:56  Sentry, Stalker x2  
  102  14:58  Sentry  
  102  15:12  Stalker x3  
  96  15:21  Stalker  
  96  15:22  Stalker x2  
  96  15:27  Zealot  
  96  15:28  Zealot